 Dungeon Crawl Stone Soup version 0.31-a0-246-g8cbcc1cb85 (webtiles) character file.

Game seed: 17927202026503373412

372 LeprechaunX the Changeling (level 6, -7/42 HPs)
             Began as an Octopode Shapeshifter on July 12, 2023.
             Mangled by Duvessa
             ... wielding a +1 short sword of speed
              (8 damage)
             ... on level 4 of the Dungeon.
             The game lasted 00:07:43 (3143 turns).

LeprechaunX the Changeling (Octopode Shapeshifter)  Turns: 3143, Time: 00:07:44

Health: -7/42      AC:  1    Str: 15    XL:     6   Next: 71%
Magic:  6/6        EV: 14    Int: 10    God:
Gold:   172        SH:  0    Dex: 14    Spells: 5/5 levels left

rFire   . .          .
                       - Unarmed
rCold   . . .        (no shield)
rNeg    . . .        (helmet currently unavailable)
rPois   .            (no amulet)
rElec   .            a - ring of willpower
rCorr   .            (no ring)
SInv    .            (no ring)
Will    +....        (no ring)
Stlth   ++           (no ring)
HPRegen 0.27/turn    (no ring)
MPRegen 0.10/turn    (no ring)
                     (no ring)

%: no passive effects
@: beast-form
A: beast (slay +3), almost no armour, amphibious, 8 rings, camouflage 1,
gelatinous body 1, (nimble swimmer 1), tentacles
a: no special abilities


You were on level 4 of the Dungeon.
You were a hulking beast.
You visited 1 branch of the dungeon, and saw 4 of its levels.

You collected 172 gold pieces.

Inventory:

Hand Weapons
 b - a +2 heavy sling
Missiles
 o - 22 stones (quivered)
Jewellery
 a - a ring of willpower (left tentacle)
Talismans
 i - a beast talisman
 j - a beast talisman
Scrolls
 d - 6 scrolls of revelation {unknown}
 e - a scroll of identify {unknown}
 f - 2 scrolls of teleportation {unknown}
 g - a scroll of amnesia {unknown}
 h - 2 scrolls of fog {unknown}
 l - 3 scrolls of vulnerability {unknown}
 m - a scroll of immolation {unknown}
 n - a scroll of poison {unknown}
 p - 2 scrolls of brand weapon {unknown}
Potions
 c - 2 potions of curing {unknown}
 k - 2 potions of heal wounds {unknown}


   Skills:
 + Level 3.1 Fighting
 + Level 3.2 Dodging
 * Level 4.2 Unarmed Combat
 + Level 1.4 Evocations
 * Level 4.3 Shapeshifting


You had 5 spell levels left.
You didn't know any spells.
Your spell library contained the following spells:

 Spells                   Type           Power      Damage    Failure   Level
 Magic Dart               Conj           0%         1d3       36%         1
 Blink                    Tloc           0%         N/A       50%         2
 Lesser Beckoning         Tloc           0%         N/A       50%         2
 Momentum Strike          Conj/Tloc      0%         3d8       50%         2
 Searing Ray              Conj           0%         2d4       50%         2
 Tukima's Dance           Hex            0%         N/A       75%         3
 Fulminant Prism          Conj/Hex       0%         3d5       98%         4
 Passage of Golubria      Tloc           0%         N/A       98%         4
 Yara's Violent Unravell  Hex/Tmut       0%         3d3       100%        5


Dungeon Overview and Level Annotations

Branches:
Dungeon (4/15)
 Temple: D:4-7

Altars:
Fedhas
Okawaru
Xom
The Shining One

Annotations:
D:3 3 runed translucent doors, Nietzsche's ghost, amateur DsRe; Tollund's ghost, amateur OpSh; Tollund's ghost, weakling OgGl; benadryl's ghost, amateur TrFi; lunkers's ghost, amateur MeWn
D:4 Duvessa


Innate Abilities, Weirdness & Mutations

You are a hulking beast.
Your limbs bulge with bestial killing power. (Slay +3)
You cannot wear most types of armour.
You are amphibious.
You can wear up to eight rings at the same time.
Your skin changes colour to match your surroundings (Stealth+).
Your rubbery body absorbs attacks. (AC +1, EV +1)
((You are camouflaged when in or above water. (Stealth+)))
You have tentacles for arms and can constrict up to eight enemies at once.


Message History

The endoplasm freezes you.
You are frozen.
You tentacle-slap Dowan. You squeeze Dowan, but do no damage.
Dowan is severely wounded.
You constrict Dowan. Dowan hits you with a +0 dagger.
The endoplasm freezes you.
You are frozen.
You tentacle-slap Dowan. You squeeze Dowan.
You kill Dowan!
Duvessa weeps, and shakes her weapon.
Duvessa goes berserk!
Duvessa rages.
The endoplasm freezes you.
You are frozen.
Duvessa barely misses you.
You are too injured to fight recklessly!
You are too injured to fight recklessly!
You are too injured to fight recklessly!
You tentacle-slap Duvessa. Your grab misses Duvessa.
Duvessa is lightly wounded.
Duvessa barely misses you. The endoplasm misses you.
Duvessa hits you with a +1 short sword of speed.
* * * LOW HITPOINT WARNING * * *
Duvessa closely misses you.
You bludgeon the endoplasm!
You kill the endoplasm!
Duvessa barely misses you. x2
You bludgeon Duvessa! You grab Duvessa.
Duvessa is moderately wounded.
You constrict Duvessa, but do no damage.
Duvessa barely misses you. Duvessa closely misses you.
You tentacle-slap Duvessa but do no damage.
Duvessa is moderately wounded.
You constrict Duvessa. Duvessa barely misses you.
Duvessa hits you with a +1 short sword of speed!
* * * LOW HITPOINT WARNING * * *
You tentacle-slap Duvessa but do no damage.
Duvessa is moderately wounded.
You constrict Duvessa, but do no damage.
Duvessa hits you with a +1 short sword of speed!
You die...

#.†⌠~..#
#.# ###
#..~...#
#.# ..#
#......#
#.# #.#
##.....#
#.# #.#
####### #.#
#.#####
#.####
#.....#
######....#
#####.#
#.......#.#
#^#
#......h# #
#.#
#......e#
#.#
#......)#
#.#
#........
#..
.........##
###
##...<$.$#
#########


You could see Duvessa (berserk).

Vanquished Creatures
  Pargi (D:4)
  Dowan (D:4)
  An orc priest (D:4)
  An orc wizard (D:4)
  Natasha (twice) (D:2)
  6 adders
  A worm (D:2)
  3 orcs (D:4)
  8 endoplasms
  4 giant cockroaches
  4 goblins
  7 hobgoblins
  4 jackals (D:1)
  6 kobolds
  A quokka (D:4)
  6 ball pythons
  4 bats (D:1)
  A frilled lizard (D:2)
  5 rats
66 creatures vanquished.

Notes
Turn   | Place    | Note
-------+----------+-------------------------------------------
     0 | D:1      | LeprechaunX the Octopode Shapeshifter began the quest for
                  | the Orb.
     0 | D:1      | Reached XP level 1. HP: 14/14 MP: 1/1
   194 | D:1      | Reached XP level 2. HP: 11/19 MP: 2/2
   652 | D:2      | Reached XP level 3. HP: 24/24 MP: 3/3
   869 | D:2      | Noticed Natasha
   881 | D:2      | Killed Natasha
   882 | D:2      | Reached XP level 4. HP: 12/30 MP: 4/4
  1139 | D:2      | Noticed Natasha
  1143 | D:2      | Killed Natasha
  1348 | D:2      | Reached XP level 5. HP: 27/35 MP: 5/5
  1534 | D:3      | Found a faded altar of an unknown god.
  1623 | D:3      | Found a runed translucent gate.
  1624 | D:3      | Found a runed translucent gate.
  1624 | D:3      | Found a runed translucent gate.
  1625 | D:3      | Noticed lunkers's ghost (amateur MeWn)
  1626 | D:3      | Noticed Tollund's ghost (amateur OpSh)
  1626 | D:3      | Noticed Tollund's ghost (weakling OgGl)
  1626 | D:3      | Noticed Nietzsche's ghost (amateur DsRe)
  1626 | D:3      | Noticed benadryl's ghost (amateur TrFi)
  1681 | D:3      | Found a glowing golden altar of the Shining One.
  1720 | D:3      | Found a shimmering altar of Xom.
  1758 | D:3      | Found a blossoming altar of Fedhas.
  1920 | D:3      | Found an iron altar of Okawaru.
  2416 | D:4      | Noticed Pargi
  2432 | D:4      | Killed Pargi
  2433 | D:4      | Reached skill level 1 in Evocations
  2433 | D:4      | Reached XP level 6. HP: 34/41 MP: 6/6
  3128 | D:4      | Noticed Dowan
  3130 | D:4      | Noticed Duvessa
  3137 | D:4      | Killed Dowan
  3142 | D:4      | HP: 1/42 [Duvessa/+1 short sword of speed (12)]
  3143 | D:4      | Mangled by Duvessa

Illustrated notes

Levels and vault maps discovered:
D:1:      eino_arrival_cavern_a, layout_basic, roderic_serpentine_path
D:2:      layout_basic, minmay_misc_feat_four_crosses, uniq_natasha
D:3:      layout_loops_cross, lemuel_tele_altar, lemuel_crystal_altar,
          tso_altar, fedhas_ov_isle_minmay, gammafunk_ghost_cemetery,
          hellmonk_ecumenical_altar_arch_garden
D:4:      layout_loops_cross, corexii_leaking_fountain, uniq_pargi, uniq_duvessa

Skill      XL: |  1  2  3  4  5  6 |
---------------+-------------------+-----
Unarmed Combat | 3 4 |  4.2
Dodging        | 3 |  3.2
Evocations     | 1 |  1.4
Shapeshifting  | 4 |  4.3
Fighting       | 3 |  3.1

Action                     |  1- 3 |  4- 6 || total
---------------------------+-------+-------++-------
  Melee: Unarmed           |    56 |    78 ||   134
         Tentacles         |    13 |    23 ||    36
         Constrict         |    17 |    26 ||    43
         Punch             |     2 |     2 ||     4
   Fire: Sling             |       |     3 ||     3
    Use: Potion            |       |     1 ||     1
   Stab: Sleeping          |     9 |     7 ||    16
 Armour: Skin              |     3 |    18 ||    21
  Dodge: Dodged            |    31 |    44 ||    75
         Form:             |     1 |       ||     1
         Beast             |     1 |       ||     1

Table legend: (Time is in decaauts)
 A = Elapsed time spent in this place.
 B = Non-inter-level travel time spent in this place.
 C = Inter-level travel time spent in this place.
 D = Time resting spent in this place.
 E = Time spent auto-exploring this place.
 F = Levels seen in this place.
 G = Mean time per level.
                   A        B        C        D        E       F      G
               +--------+--------+--------+--------+--------+-----+--------+
         Total |   3134 |   3000 |    134 |    111 |   2434 |   4 |  783.5 |
       Dungeon |   3134 |   3000 |    134 |    111 |   2434 |   4 |  783.5 |
               +--------+--------+--------+--------+--------+-----+--------+

Top non-repeatable levels by time:
     D:3: 871 daAuts
     D:2: 862 daAuts
     D:4: 764 daAuts
     D:1: 635 daAuts
